 Dungeon Crawl Stone Soup version 0.28-a0-1117-g0bdd5ba030 (webtiles) character file.

Game seed: 4971880215613020540

32 SensoryNuts the Slasher (level 3, -14/27 HPs)
             Began as a Demonspawn Gladiator on Dec 11, 2021.
             Engulfed by a cloud of flame (29 damage)
             ... on level 2 of the Dungeon.
             The game lasted 00:01:20 (1123 turns).

SensoryNuts the Slasher (Demonspawn Gladiator)      Turns: 1123, Time: 00:01:21

Health: -14/27     AC:  6    Str: 16    XL:     3   Next: 10%
Magic:  3/3        EV: 12    Int:  9    God:
Gold:   0          SH:  0    Dex: 14    Spells: 2/2 levels left

rFire   . . .      SeeInvis .   a - +0 long sword
rCold   . . .      Faith    .   (no shield)
rNeg    . . .      Spirit   .   b - +0 leather armour
rPois   .          Reflect  .   c - +0 helmet
rElec   .          Harm     .   g - +1 cloak
rCorr   .          Rampage  .   (no gloves)
Will    .....                   (no boots)
Stlth   +.........              (no amulet)
HPRegen 0.09/turn               (no ring)
MPRegen 0.16/turn               (no ring)

@: no status effects
A: magic regeneration, condensation shield
a: no special abilities


You were on level 2 of the Dungeon.
You visited 1 branch of the dungeon, and saw 2 of its levels.

Inventory:

Hand Weapons
 a - a +0 long sword (weapon)
Missiles
 d - 3 throwing nets (quivered)
Armour
 b - a +0 leather armour (worn)
 c - a +0 helmet (worn)
 g - a +1 cloak (worn)
Scrolls
 j - a scroll of identify {unknown}
Potions
 e - a potion of curing {unknown}
 f - a potion of invisibility {unknown}
 h - a potion of flight {unknown}
 i - a potion of heal wounds {unknown}


   Skills:
 + Level 2.1 Fighting
 + Level 3.2 Long Blades
 + Level 2.0 Throwing
 + Level 0.6 Armour
 + Level 3.0 Dodging


You had 2 spell levels left.
You didn't know any spells.
Your spell library was empty.

Dungeon Overview and Level Annotations

Branches:
Dungeon (2/15)

Altars:


Innate Abilities, Weirdness & Mutations

You regenerate magic rapidly.
A meltable shield of frost defends you. (SH +0)


Message History

Found a stone staircase leading down.
Found a leather armour and a mace.
A kobold comes into view. It is wielding a +0 dagger.
The kobold shouts!
The kobold hits you with a +0 dagger.
You hit the kobold.
You kill the kobold!
No target in view!
No target in view!
No target in view!
No target in view!
No target in view!
Things that are here:
a +0 dagger; a kobold corpse
Found 6 curare-tipped darts, 22 arrows and 15 stones.
Found 30 arrows.
You're in a travel-excluded area, stopping explore.
No target in view!
No target in view!
No target in view!
No target in view!
No target in view!
You're in a travel-excluded area, stopping explore.
You're in a travel-excluded area, stopping explore.
You're in a travel-excluded area, stopping explore.
Unknown command.
Really walk into a travel-excluded area? [Y]es or [N]o only, please.
Really walk into a travel-excluded area?
Really walk into that cloud of flame? [Y]es or [N]o only, please.
Really walk into that cloud of flame?
Okay, then.
Really walk into that cloud of flame?
Okay, then.
You are engulfed in blazing flames.
Your condensation shield dissipates!
You are engulfed in blazing flames.
Ouch! That really hurt!
You die...

######.#..# #.§.#
#.........#
#####...######.....####
..§..($).§☼°....##.#
§..(([.°○☼.......#
§..(..○°§.#..##.#
#..$######..##.# #§§§#
#..##.# #☼@°# #..##.#
#§○§# ##..##.#
#...#####...#
###..).....>#
###########


There were no monsters in sight!

Vanquished Creatures
  A worm (D:2)
  2 dart slugs (D:1)
  An endoplasm (D:1)
  3 giant cockroaches
  2 goblins (D:1)
  3 hobgoblins (D:1)
  A quokka (D:1)
  2 ball pythons
  A frilled lizard (D:1)
  6 kobolds
  4 rats
26 creatures vanquished.

Notes
Turn   | Place    | Note
-------+----------+-------------------------------------------
     0 | D:1      | SensoryNuts the Demonspawn Gladiator began the quest for
                  | the Orb.
     0 | D:1      | Reached XP level 1. HP: 16/16 MP: 1/1
   179 | D:1      | Gained mutation: A meltable shield of frost defends you.
                  | (SH +0) [demonic ancestry]
   179 | D:1      | Reached XP level 2. HP: 22/22 MP: 2/2
   795 | D:1      | Found a faded altar of an unknown god.
   943 | D:2      | Gained mutation: You regenerate magic rapidly. [demonic
                  | ancestry]
   943 | D:2      | Reached XP level 3. HP: 24/27 MP: 3/3
  1123 | D:2      | Engulfed by a cloud of flame

Illustrated notes

Levels and vault maps discovered:
D:1:      erik_arrival_cave_to_civilisation [erik_arrival_cave_to_hall],
          layout_basic, shapermc_ecumenical_altar_pompeii
D:2:      minmay_angry_zag, layout_loops_ring, lemuel_flame_loot_1

Skill      XL: |  1  2 |
---------------+-------+-----
Throwing       | 2 |  2.0
Dodging        | 3 |  3.0
Long Blades    | 3 |  3.2
Fighting       | |  2.1
Armour         | |  0.6

Action                   || total
-------------------------++-------
Melee: Long sword        ||    63
Armor: Leather armour    ||    22
Dodge: Dodged            ||    36
Block: Other             ||     6

Table legend: (Time is in decaauts)
 A = Elapsed time spent in this place.
 B = Non-inter-level travel time spent in this place.
 C = Inter-level travel time spent in this place.
 D = Time resting spent in this place.
 E = Time spent auto-exploring this place.
 F = Levels seen in this place.
 G = Mean time per level.
                   A        B        C        D        E       F      G
               +--------+--------+--------+--------+--------+-----+--------+
         Total |   1138 |   1138 |      0 |      0 |    913 |   2 |  569.0 |
       Dungeon |   1138 |   1138 |      0 |      0 |    913 |   2 |  569.0 |
               +--------+--------+--------+--------+--------+-----+--------+

Top non-repeatable levels by time:
     D:1: 915 daAuts
     D:2: 222 daAuts
